 Dungeon Crawl Stone Soup version 0.26-a0-683-g5206c1d7ac (webtiles) character file.

Game seed: 10770878268403845550

46 Baz the Digger (level 3, -1/28 HPs)
             Began as a Deep Dwarf Earth Elementalist on Oct 22, 2020.
             Slain by a centaur (5 damage)
             ... on level 2 of the Dungeon.
             The game lasted 00:02:25 (1088 turns).

Baz the Digger (Deep Dwarf Earth Elementalist)      Turns: 1088, Time: 00:02:26

Health: -1/28      AC:  2    Str: 11    XL:     3   Next: 44%
Magic:  2/6        EV: 12    Int: 16    God:
Gold:   42         SH:  0    Dex: 13    Spells: 0/6 levels left

rFire    . . .     SeeInvis .   (no weapon)
rCold    . . .     Faith    .   (no shield)
rNeg     . . .     Spirit   .   c - +0 robe
rPois    .         Reflect  .   (no helmet)
rElec    .         Harm     .   (no cloak)
rCorr    .         Rampage  .   (no gloves)
MR       .....                  (no boots)
Stlth    ++........             (no amulet)
HPRegen  0.00/turn              (no ring)
MPRegen  0.10/turn              (no ring)

@: non-regenerating
A: damage resistance, heal wounds, sense surroundings 1, no regeneration
a: Heal Wounds


You were on level 2 of the Dungeon.
You visited 1 branch of the dungeon, and saw 2 of its levels.

You collected 42 gold pieces.

Inventory:

Hand Weapons
 g - a +0 dagger
Missiles
 b - 57 stones (quivered)
Armour
 c - a +0 robe (worn)
Scrolls
 a - 3 scrolls of teleportation {unknown}
 e - a scroll of remove curse {unknown}
 h - 2 scrolls of identify {unknown}
 j - a scroll of blinking {unknown}
Potions
 d - 2 potions of flight {unknown}
 f - a potion of curing {unknown}
 i - a potion of mutation {unknown}


   Skills:
 - Level 2.2 Dodging
 + Level 3.2 Stealth
 + Level 2.2 Spellcasting
 + Level 0.2 Conjurations
 - Level 0.8 Transmutations
 * Level 5.1 Earth Magic


You couldn't memorise any spells.
You knew the following spells:

 Your Spells              Type           Power        Failure   Level
a - Sandblast             Erth           ###...       2%          1
b - Passwall              Tmut/Erth      ##......     9%          2
c - Stone Arrow           Conj/Erth      ##....       21%         3

Your spell library contained the following spells:

 Spells                   Type           Power        Failure   Level
 Petrify                  Tmut/Erth      ##......     52%         4
 Lee's Rapid Deconstruct  Erth           ###.......   56%         5


Dungeon Overview and Level Annotations

Branches:
Dungeon (2/15)

Altars:


Innate Abilities, Weirdness & Mutations

You are resistant to damage.
You can heal yourself by infusing magical energy.
You passively map a small area around you.
You do not regenerate.


Message History

Casting: Sandblast (safe; 2% risk of failure)
Confirm with . or Enter, or press ? or * to list all spells.
Aiming: Sandblast (safe; 2% risk of failure)
Press: ? - help, Shift-Dir - straight line, f/p - centaur
Aim: a centaur, quivering 11 arrows (moderately wounded)
The blast of sand hits the centaur.
The centaur is heavily wounded.
b - 58 stones The centaur hits you!
* * * LOW HITPOINT WARNING * * *
Casting: Sandblast (safe; 2% risk of failure)
Confirm with . or Enter, or press ? or * to list all spells.
Aiming: Sandblast (safe; 2% risk of failure)
Press: ? - help, Shift-Dir - straight line, f/p - centaur
Aim: a centaur, quivering 11 arrows (heavily wounded)
The blast of sand hits the centaur but does no damage.
The centaur is heavily wounded.
b - 57 stones The centaur hits you!
You die...

, #######.....# *
...........#
#..(......#
#.........###### # ,
,#..............# #
, ,,
###.#.########.#####
, * #.#.# #....... ,
#.#.# #..##### *
#@#.# #..# # , #c#.#
#..# # * #.#.# #..#
* # ,, *#.#.# #... ,
. , ..#.# #.## #
,... #.* * ### *#.*
, * *


You could see a centaur.

Vanquished Creatures
  An adder (D:2)
  A worm (D:2)
  2 dart slugs (D:1)
  A leopard gecko (D:1)
  A goblin (D:1)
  10 hobgoblins
  7 kobolds (D:1)
  2 frilled lizards (D:1)
  3 rats (D:1)
28 creatures vanquished.

Notes
Turn   | Place    | Note
-------+----------+-------------------------------------------
     0 | D:1      | Baz the Deep Dwarf Earth Elementalist began the quest for
                  | the Orb.
     0 | D:1      | Reached XP level 1. HP: 15/15 MP: 3/3
   128 | D:1      | Reached XP level 2. HP: 22/22 MP: 0/4
   237 | D:1      | Learned a level 2 spell: Passwall
   680 | D:1      | Reached XP level 3. HP: 24/28 MP: 4/6
   724 | D:1      | Reached skill level 5 in Earth Magic
   754 | D:1      | Learned a level 3 spell: Stone Arrow
  1080 | D:2      | Noticed a centaur
  1088 | D:2      | Slain by a centaur

Illustrated notes

Levels and vault maps discovered:
D:1:      lightli_arrival_lavapool, layout_basic
D:2:      cheibrodos_pilgrimage, layout_loops_ring

Skill      XL: |  1  2  3 |
---------------+----------+-----
Spellcasting   | 2 |  2.2
Stealth        | 3 |  3.2
Earth Magic    | 5 |  5.1
Dodging        | |  2.2
Conjurations   | |  0.2
Transmutations | |  0.8

Action                   || total
-------------------------++-------
Melee: Unarmed           ||     1
 Cast: Sandblast         ||    40
Dodge: Dodged            ||     8

Table legend: (Time is in decaauts)
 A = Elapsed time spent in this place.
 B = Non-inter-level travel time spent in this place.
 C = Inter-level travel time spent in this place.
 D = Time resting spent in this place.
 E = Time spent auto-exploring this place.
 F = Levels seen in this place.
 G = Mean time per level.
                   A        B        C        D        E       F      G
               +--------+--------+--------+--------+--------+-----+--------+
         Total |   1087 |   1048 |     39 |    316 |    534 |   2 |  543.5 |
       Dungeon |   1087 |   1048 |     39 |    316 |    534 |   2 |  543.5 |
               +--------+--------+--------+--------+--------+-----+--------+

Top non-repeatable levels by time:
     D:1: 911 daAuts
     D:2: 176 daAuts
